 Dungeon Crawl Stone Soup version 0.29.0-13-gc9e81de378 (webtiles) character file.

Game seed: 18171488400088323123

49 RascalDebosk the Cudgeller (level 3, -2/35 HPs)
             Began as a Troll Gladiator on Sept 7, 2022.
             Slain by an adder (4 damage)
             ... on level 2 of the Dungeon.
             The game lasted 00:06:31 (822 turns).

RascalDebosk the Cudgeller (Troll Gladiator)         Turns: 822, Time: 00:06:31

Health: -2/35      AC:  4    Str: 22    XL:     3   Next: 53%
Magic:  2/2        EV: 10    Int:  6    God:
Gold:   53         SH:  0    Dex: 11    Spells: 2/2 levels left

rFire   . . .      SeeInvis .   a - +0 flail
rCold   . . .      Faith    .   (no shield)
rNeg    . . .      Spirit   .   b - +0 robe
rPois   .          Reflect  .   c - +0 hat
rElec   .          Harm     .   (no cloak)
rCorr   .          Rampage  .   (gloves unavailable)
Will    .....                   (boots unavailable)
Stlth   +.........              (no amulet)
HPRegen 0.91/turn               (no ring)
MPRegen 0.08/turn               (no ring)

@: lethally poisoned (-2 -> -4)
A: large, unfitting armour, claws 3, regeneration 1, shaggy fur 1, tough skin 1
a: no special abilities


You were on level 2 of the Dungeon.
You visited 1 branch of the dungeon, and saw 2 of its levels.

You collected 53 gold pieces.

Inventory:

Hand Weapons
 a - a +0 flail (weapon)
Missiles
 d - 3 throwing nets
 e - a large rock
 k - 2 boomerangs (quivered)
Armour
 b - a +0 robe (worn)
 c - a +0 hat (worn)
Scrolls
 f - a scroll of fear {unknown}
 i - a scroll of amnesia {unknown}
Potions
 g - 2 potions of flight {unknown}
 h - a potion of invisibility {unknown}
 j - a potion of attraction {unknown}
 l - a potion of magic {unknown}


   Skills:
 + Level 2.1 Fighting
 + Level 3.1 Maces & Flails
 + Level 2.3 Throwing
 + Level 2.8 Dodging


You had 2 spell levels left.
You didn't know any spells.
Your spell library was empty.

Dungeon Overview and Level Annotations

Branches:
Dungeon (2/15)

Altars:


Innate Abilities, Weirdness & Mutations

You are too large for most types of armour.
You have claws for hands.
Your natural rate of healing is unusually fast.
You are covered in fur. (AC +1)
You have tough skin. (AC +1)


Message History

You feel sick. The adder bites you.
Throw: 2 boomerangs
Press: ? - help, Q - select action, (/) - cycle Shift-Dir - straight line, f/p - adder
Aim: an adder (lightly wounded, 38% to hit)
You throw a boomerang. The boomerang misses the adder.
The boomerang hits the kobold.
You kill the kobold!
You feel sick. The adder bites you.
You are more poisoned.
The adder poisons you! The adder bites you.
You are more poisoned.
The adder poisons you!
You hit the adder.
The adder is lightly wounded.
You feel very sick. The adder bites you. The adder barely misses you.
You hit the adder.
The adder is moderately wounded.
You feel very sick. The adder bites you but does no damage.
You miss the adder.
The adder is moderately wounded.
You feel sick. The adder closely misses you.
The adder bites you but does no damage.
The rat twitches its whiskers.
You hit the adder.
The adder is heavily wounded.
You feel sick. The adder bites you.
* * * LOW HITPOINT WARNING * * *
You miss the adder.
The adder is heavily wounded.
You feel sick. The adder bites you.
* * * LOW HITPOINT WARNING * * *
You are lethally poisoned!
The adder poisons you! The adder barely misses you.
You closely miss the adder.
The adder is heavily wounded.
* * * LOW HITPOINT WARNING * * *
You feel sick. The adder bites you.
You die...

##..# #..#
#..# #..## #
#...# #.#
#>#.# #...
#.#.#
..#..w###.#.#
.....rS@..#.#
#.#...#####.#
##. #.# ..
#.# .# .


You could see a worm, an adder and a rat.

Vanquished Creatures
  An adder (D:2)
  A worm (D:2)
  A dart slug (D:2)
  5 goblins
  2 hobgoblins (D:2)
  7 jackals (D:1)
  A ball python (D:1)
  5 bats
  2 frilled lizards (D:1)
  5 kobolds
  3 rats (D:1)
33 creatures vanquished.

Notes
Turn   | Place    | Note
-------+----------+-------------------------------------------
     0 | D:1      | RascalDebosk the Troll Gladiator began the quest for the
                  | Orb.
     0 | D:1      | Reached XP level 1. HP: 19/19 MP: 0/0
   192 | D:1      | Reached XP level 2. HP: 26/28 MP: 1/1
   240 | D:1      | Found a faded altar of an unknown god.
   568 | D:2      | Reached skill level 3 in Maces & Flails
   584 | D:2      | Reached XP level 3. HP: 34/35 MP: 2/2
   822 | D:2      | Slain by an adder

Illustrated notes

Levels and vault maps discovered:
D:1:      dpeg_arrival_solitude, layout_loops_ring,
          ebering_ecumenical_altar_rust, hangedman_decor_push
D:2:      layout_loops_ring, minmay_tall_x, uniq_terence

Skill      XL: |  1  2 |
---------------+-------+-----
Throwing       | 2 |  2.3
Maces & Flails | 3 |  3.1
Fighting       | 2 |  2.1
Dodging        | |  2.8

Action                   || total
-------------------------++-------
Melee: Flail             ||   129
       Punch             ||     1
Throw: Boomerang         ||     4
Armor: Robe              ||    83
Dodge: Dodged            ||   104
